 Dungeon Crawl Stone Soup version 0.21.1-1-g345015f (webtiles) character file.

49 inc the Ducker (level 3, -1/15 HPs)
             Began as a Felid Transmuter on Mar 5, 2018.
             Slain by an adder (4 damage)
             ... on level 2 of the Dungeon.
             The game lasted 00:01:46 (1335 turns).

inc the Ducker (Felid Transmuter)                   Turns: 1335, Time: 00:01:46

Health: -1/15      AC:  1    Str:  6    XL:     3   Next: 53%
Magic:  6/7        EV: 21    Int: 15    God:
Gold:   65         SH:  0    Dex: 16    Spells: 5/6 levels left
                                        Lives:  0   Deaths: 0

rFire    . . .     SeeInvis +     - Unarmed
rCold    . . .     Gourm    .   (shield unavailable)
rNeg     . . .     Faith    .   (armour unavailable)
rPois    .         Spirit   .   (helmet unavailable)
rElec    .         Reflect  .   (cloak unavailable)
rCorr    .         Harm     .   (gloves unavailable)
MR       .....                  (boots unavailable)
Stlth    ++........             (no amulet)
HPRegen  0.05/turn              (no ring)
MPRegen  0.10/turn              (no ring)

@: appendage, quick
A: very small, no armour, no weapons or thrown items, stealth, claws 1, fangs 3,
horns 2, see invisible, carnivore, speed 1, shaggy fur 1, slow metabolism 1,
sharp paws
a: End Transformation


You were on level 2 of the Dungeon.
You were very full.
You had grown temporary horns.
You visited 1 branch of the dungeon, and saw 2 of its levels.

You collected 65 gold pieces.

Inventory:

Missiles
 a - 12 arrows
Jewellery
 d - an uncursed ring of fire {unknown}
 j - an uncursed amulet of magic regeneration {unknown}
Scrolls
 f - a scroll of amnesia {unknown}
 g - a scroll of magic mapping {unknown}
 i - a scroll of identify {unknown}
 k - a scroll of teleportation {unknown}
Potions
 e - a potion of cancellation {unknown}
 h - a potion of agility {unknown}
Books
 b - a book of Changes

   Spells                             Type                      Level
   a - Beastly Appendage              Transmutation                1
   b - Sticks to Snakes               Transmutation                2
   c - Spider Form                    Transmutation/Poison         3
   d - Ice Form                       Ice/Transmutation            4
   e - Blade Hands                    Transmutation                5
Comestibles
 c - 3 rations


   Skills:
 - Level 1.0 Fighting
 + Level 5.3 Dodging
 - Level 3.0 Unarmed Combat
 - Level 2.0 Spellcasting
 - Level 2.1 Transmutations


You had 5 spell levels left.
You knew the following spells:

 Your Spells              Type           Power        Failure   Level  Hunger
a - Beastly Appendage     Tmut           #.....       9%          1    #......


Dungeon Overview and Level Annotations

Branches:
Dungeon (2/15)

Altars:


Innate Abilities, Weirdness & Mutations

You cannot wear armour.
You are incapable of wielding weapons or throwing items.
Your paws allow you to move quietly. (Stealth)
You have sharp claws.
You have razor-sharp teeth.
You have supernaturally acute eyesight. (SInv)
You are carnivorous and can eat meat at any time.
You cover ground quickly.
You are covered in fur. (AC +1)
You have a slow metabolism.
Your sharp claws are effective at attacking unaware monsters.
You have a pair of horns on your head.


Message History

* * * LOW HITPOINT WARNING * * *
You closely miss the adder.
The adder is moderately wounded.
The adder closely misses you.
You scratch the adder but do no damage. Your bite misses the adder.
The adder is moderately wounded.
The adder closely misses you. The adder misses you.
You scratch the adder. Your bite misses the adder.
The adder is heavily wounded.
The adder bites you but does no damage.
You barely miss the adder.
The adder is heavily wounded.
The adder completely misses you.
You barely miss the adder.
The adder is heavily wounded.
The adder completely misses you.
You scratch the adder.
The adder is almost dead.
The adder bites you.
You die...

#...........
#..........
#####)$........
#..............
....###..........
.####............
#...#..........
#..###..........
..... #.@........
...........S........
##...............###
#...............#
#..........!....#
................#
..............#
.ยง............#


You could see an adder.

Vanquished Creatures
  An adder (D:2)
  4 dart slugs
  A giant cockroach (D:2)
  3 goblins
  5 hobgoblins
  A ball python (D:1)
  8 bats
  A frilled lizard (D:2)
  6 kobolds
  3 rats (D:1)
33 creatures vanquished.

Notes
Turn   | Place    | Note
-------+----------+-------------------------------------------
     0 | D:1      | inc the Felid Transmuter began the quest for the Orb.
     0 | D:1      | Reached XP level 1. HP: 9/9 MP: 4/4
    53 | D:1      | Reached skill level 3 in Dodging
   104 | D:1      | Reached XP level 2. HP: 12/12 MP: 4/6
   190 | D:1      | Reached skill level 4 in Dodging
  1136 | D:1      | Reached XP level 3. HP: 15/15 MP: 7/7
  1145 | D:2      | Reached skill level 5 in Dodging
  1335 | D:2      | Slain by an adder

Skill      XL: |  1  2  3 |
---------------+----------+-----
Dodging        | 3 4 5 |  5.3
Fighting       | |  1.0
Unarmed Combat | |  3.0
Spellcasting   | |  2.0
Transmutations | |  2.1

Action                   || total
-------------------------++-------
Melee: Unarmed           ||   105
       Bite              ||     9
       Headbutt          ||     4
 Cast: Beastly Appendage ||     7
 Stab: Sleeping          ||     3
  Eat: Chunk             ||     6
Armor: Skin              ||     9
Dodge: Dodged            ||   113
